 Dungeon Sprint DCSS version 0.31-a0-846-gb3bcc0d938 (webtiles) character file.

Game seed: 3154247944105138702

14441 sircluck the Brawler (level 11, -6/198 HPs)
             Began as a Troll Berserker on Oct 3, 2023.
             Was the Champion of Trog.
             Mangled by a 13-headed hydra (11 damage)
             ... while paralysed by a floating eye
             ... in the Dungeon (Sprint I: "Red Sonja").
             The game lasted 00:08:13 (1286 turns).

sircluck the Brawler (Troll Berserker)              Turns: 1286, Time: 00:08:13

Health: -6/198     AC:  7    Str: 29    XL:     11   Next: 88%
Magic:  10/10      EV:  1    Int:  3    God:    Trog [******]
Gold:   1823       SH:  0    Dex:  9    Spells: 10/10 levels left

rFire   . .          .
                       - Unarmed
rCold   . . .        (no shield)
rNeg    . . .        l - +0 troll leather armour
rPois   .            (helmet restricted)
rElec   .            (no cloak)
rCorr   .            (gloves unavailable)
SInv    .            (boots unavailable)
Will    .....        o - amulet of regeneration Stlth
                     (no ring)
HPRegen 2.93/turn    (no ring)
MPRegen 0.12/turn

%: no teleportation
@: paralysed, berserking
A: large, unfitting armour, claws 3, regeneration 1, shaggy fur 1, tough skin 1,
talons 1, iridescent scales 1, weak 1
a: Renounce Religion, Berserk, Trog's Hand, Brothers in Arms


You were in the Dungeon.
You worshipped Trog.
Trog was exalted by your worship.
You visited 1 branch You collected 2890 gold pieces.
You spent 1067 gold pieces at shops.

Inventory:

Missiles
 m - 23 stones
 q - 4 curare-tipped darts
Armour
 a - a +0 animal skin
 l - a +0 troll leather armour (worn)
Jewellery
 o - an amulet of regeneration (around neck)
Wands
 g - a wand of polymorph (8)
 h - a wand of paralysis (23)
Scrolls
 c - a scroll of immolation {unknown}
 k - a scroll of identify {unknown}
 p - a scroll of acquirement
 r - a scroll of enchant weapon {unknown}
 s - a scroll of fear {unknown}
Potions
 b - 3 potions of curing
 d - a potion of haste
 e - 2 potions of magic
 f - a potion of berserk rage
 i - a potion of enlightenment {unknown}
 j - a potion of might {unknown}
 n - a potion of cancellation {unknown}


   Skills:
 + Level 15.2 Fighting
 + Level 15.0 Dodging
 + Level 17.7 Unarmed Combat


You had 10 spell levels left.
You didn't know any spells.
Your spell library was empty.

Dungeon Overview and Level Annotations

Branches:
Dungeon (1/1)

Altars:
Cheibriados
Dithmenos
Elyvilon
Fedhas
Gozag
Hepliaklqana
Kikubaaqudgha
Makhleb
Nemelex Xobeh
Okawaru
Qazlal
Ru
Sif Muna
Trog
Uskayaw
Vehumet
Wu Jian
Xom
Yredelemnul
Zin
The Shining One
Jiyva
Lugonu

Shops:
D ?[*?:(?[*![(=*==[?*[!


Innate Abilities, Weirdness & Mutations

You are too large for most types of armour.
You have claws for hands.
Your natural rate of healing is unusually fast.
You are covered in fur. (AC +1)
You have tough skin. (AC +1)
You have sharp toenails.
You are partially covered in iridescent scales. (AC +2)
You are weak. (Str -2)


Message History

You feel yourself moving faster!
You feel mighty!
The 12-headed hydra bites you. x2; The 12-headed hydra barely misses you.
The 12-headed hydra bites you but does no damage.
The 12-headed hydra bites you. The 12-headed hydra bites you!
The 12-headed hydra closely misses you.
The 12-headed hydra barely misses you. x4
The 12-headed hydra misses you.
You claw one of the 12-headed hydra's heads off!
The 11-headed hydra grows two more!
You mangle the 13-headed hydra!! You claw the 13-headed hydra!
The 13-headed hydra is heavily wounded.
The floating eye gazes piercingly through you!
You suddenly lose the ability to move!
The 13-headed hydra bites you but does no damage.
The 13-headed hydra bites you! The 13-headed hydra bites you. x2
The 13-headed hydra bites you but does no damage.
The 13-headed hydra bites you. The 13-headed hydra bites you!
The 13-headed hydra bites you. x2; The 13-headed hydra bites you! x4
The 13-headed hydra bites you but does no damage.
The 13-headed hydra bites you! x2; The 13-headed hydra bites you. x2
The 13-headed hydra bites you but does no damage.
The 13-headed hydra bites you.
* * * LOW HITPOINT WARNING * * *
The 13-headed hydra bites you.
* * * LOW HITPOINT WARNING * * *
The 13-headed hydra bites you but does no damage.
The 13-headed hydra bites you!
* * * LOW HITPOINT WARNING * * *
The 13-headed hydra bites you!
* * * LOW HITPOINT WARNING * * *
The 13-headed hydra bites you.
* * * LOW HITPOINT WARNING * * *
The 13-headed hydra bites you.
* * * LOW HITPOINT WARNING * * *
The 13-headed hydra bites you!
* * * LOW HITPOINT WARNING * * *
The 13-headed hydra bites you!
* * * LOW HITPOINT WARNING * * *
The 13-headed hydra bites you but does no damage. x3
The 13-headed hydra bites you!
You die...

#####################************
..#..#§))§'.§.§§@DG$#,,+,,,,*,,,,
..##§#§####§..§§##$.+,,*,,,,**,,,
..'§§#§#.###.§§##**##*+*,,,,,****
###§.'§#'#.###+#,,,**,,*,,,,,*,,,
.##+####...#y#,**,,,*,,**,,,,*,∩,
.#.)..°#...###,,***,*,,~***+**,,,
§#....°+.....#*,*,*,*,,~,,*,****+
'###○..#.....#,,***,*,,~,**+*,,,,
.'.#°°.###''##,**,,,*,,~**,,,,,,,


You could see a 13-headed hydra and a floating eye.

Vanquished Creatures
  A lorocyproca (D)
  2 centaur warriors (D)
  A demonic crawler (D)
  Sonja (D)
  A deep troll (D)
  A lindwurm (D)
  An oklob plant (D)
  A gargoyle (D)
  2 unseen horrors (D)
  2 kobold demonologists (D)
  A hornet (D)
  A slime creature (D)
  Sigmund (D)
  13 hogs (D)
  A yak (D)
  2 redbacks (D)
  2 floating eyes (D)
  An ogre (D)
  7 necrophages (D)
  8 jellies (D)
  Ijyb (D)
51 creatures vanquished.

Vanquished Creatures (collateral kills)
  3 demonic crawlers (D)
  8 shining eyes (D)
  4 floating eyes (D)
15 creatures vanquished.

Vanquished Creatures (others)
  2 ballistomycete spores (D)
2 creatures vanquished.

Grand Total: 68 creatures vanquished

Notes
Turn   | Place    | Note
-------+----------+-------------------------------------------
     0 | D        | sircluck the Troll Berserker began the quest for the Orb.
     0 | D        | Reached XP level 1. HP: 22/22 MP: 0/0
     1 | D        | Noticed Ijyb
    12 | D        | Paralysed by Ijyb for 3 turns
    18 | D        | Killed Ijyb
    19 | D        | Reached skill level 4 in Unarmed Combat
    19 | D        | Reached XP level 2. HP: 27/32 MP: 1/1
    25 | D        | Noticed an ogre
    29 | D        | Killed an ogre
    30 | D        | Reached skill level 5 in Fighting
    30 | D        | Reached skill level 5 in Dodging
    30 | D        | Reached skill level 6 in Unarmed Combat
    30 | D        | Reached XP level 3. HP: 20/42 MP: 2/2
    30 | D        | Reached XP level 4. HP: 24/50 MP: 3/3
    64 | D        | Noticed Sigmund
    72 | D        | Killed Sigmund
    72 | D        | Reached ** piety under Trog
    73 | D        | Reached skill level 7 in Unarmed Combat
    73 | D        | Reached XP level 5. HP: 48/61 MP: 4/4
    96 | D        | Found an ornate altar of the Wu Jian Council.
    96 | D        | Found a shimmering blue altar of Sif Muna.
    98 | D        | Found a radiant altar of Vehumet.
   101 | D        | Reached skill level 8 in Unarmed Combat
   101 | D        | Reached XP level 6. HP: 68/68 MP: 5/5
   126 | D        | Found Dolefoefil's Magic Scroll Emporium.
   126 | D        | Found an ancient bone altar of Kikubaaqudgha.
   126 | D        | Found a hazy altar of Hepliaklqana.
   126 | D        | Found a hide-covered altar of Uskayaw.
   126 | D        | Found a basalt altar of Yredelemnul.
   126 | D        | Found an opulent altar of Gozag.
   126 | D        | Found a snail-covered altar of Cheibriados.
   126 | D        | Found a sacrificial altar of Ru.
   126 | D        | Found a shadowy altar of Dithmenos.
   126 | D        | Noticed a yak
   129 | D        | Killed a yak
   141 | D        | Found a stormy altar of Qazlal.
   141 | D        | Found a blossoming altar of Fedhas.
   141 | D        | Found a bloodstained altar of Trog.
   141 | D        | Found an iron altar of Okawaru.
   141 | D        | Found a glowing golden altar of the Shining One.
   141 | D        | Found a glowing silver altar of Zin.
   141 | D        | Found a white marble altar of Elyvilon.
   142 | D        | Found a sparkling altar of Nemelex Xobeh.
   146 | D        | Bought a scroll of revelation for 105 gold pieces
   156 | D        | Found a burning altar of Makhleb.
   156 | D        | Found a shimmering altar of Xom.
   156 | D        | Noticed a slime creature
   156 | D        | Noticed a centaur warrior
   156 | D        | Noticed a centaur warrior
   156 | D        | Noticed a deep troll
   156 | D        | Noticed Sonja
   156 | D        | Noticed a shining eye
   156 | D        | Noticed an unseen horror
   156 | D        | Noticed an unseen horror
   156 | D        | Noticed a shining eye
   157 | D        | Found a viscous altar of Jiyva.
   157 | D        | Found a corrupted altar of Lugonu.
   173 | D        | Killed a slime creature
   173 | D        | Reached *** piety under Trog
   174 | D        | Reached skill level 9 in Unarmed Combat
   174 | D        | Reached XP level 7. HP: 74/80 MP: 6/6
   187 | D        | Noticed a kobold demonologist
   187 | D        | Noticed a kobold demonologist
   191 | D        | Paralysed by a floating eye for 2 turns
   194 | D        | Killed a kobold demonologist
   195 | D        | Reached skill level 10 in Unarmed Combat
   195 | D        | Noticed a hellwing
   197 | D        | Noticed a chaos spawn
   204 | D        | Killed a kobold demonologist
   204 | D        | Reached **** piety under Trog
   205 | D        | Reached XP level 8. HP: 81/92 MP: 7/7
   206 | D        | Reached skill level 11 in Unarmed Combat
   235 | D        | Killed a centaur warrior
   236 | D        | Reached skill level 10 in Fighting
   236 | D        | Reached skill level 10 in Dodging
   240 | D        | Killed a centaur warrior
   241 | D        | Reached skill level 12 in Unarmed Combat
   241 | D        | Reached XP level 9. HP: 33/102 MP: 8/8
   325 | D        | Killed a deep troll
   326 | D        | Reached skill level 13 in Unarmed Combat
   395 | D        | Found Azakiazu's Armour Emporium.
   416 | D        | Paralysed by a hornet for 1 turns
   419 | D        | Reached ***** piety under Trog
   431 | D        | Noticed an oklob plant
   438 | D        | Killed an oklob plant
   504 | D        | Reached XP level 10. HP: 102/115 MP: 9/9
   515 | D        | Received a gift from Trog
   529 | D        | Reached ****** piety under Trog
   532 | D        | Reached skill level 14 in Unarmed Combat
   534 | D        | Received a gift from Trog
   564 | D        | Found Zunamaiw's Antique Armour Shoppe.
   564 | D        | Found Ohupefog's Magic Scroll Shop.
   564 | D        | Found Tiavaje's Assorted Antiques.
   566 | D        | Found Ezoto's Distillery.
   566 | D        | Found Nomeji Qaupn's Antique Armour Shop.
   566 | D        | Found Peil's Weapon Shoppe.
   566 | D        | Found Jeucaide's Jewellery Boutique.
   566 | D        | Found Rauggibb's General Store.
   566 | D        | Found Xuepiplidgh's Jewellery Shop.
   566 | D        | Found Uxatwaqu's Jewellery Shoppe.
   570 | D        | Found Wihoq's Antique Armour Boutique.
   571 | D        | Found Howo's Assorted Antiques.
   571 | D        | Found Hof Jestra's Magic Scroll Boutique.
   572 | D        | Found Medd's Distillery.
   574 | D        | Bought an amulet of regeneration for 330 gold pieces
   580 | D        | Bought a scroll of acquirement for 520 gold pieces
   659 | D        | Killed Sonja
   714 | D        | Found Ijigehog's Magic Scroll Boutique.
   724 | D        | Noticed a shining eye
   726 | D        | Received a gift from Trog
   728 | D        | Killed a shining eye
   728 | D        | Gained mutation: You are weak. (Str -2) [a shining eye]
   729 | D        | Reached skill level 15 in Unarmed Combat
   729 | D        | Gained mutation: You are clumsy. (Dex -2) [a shining eye]
   731 | D        | Killed a shining eye
   731 | D        | Killed a shining eye
   732 | D        | Noticed a shining eye
   732 | D        | Paralysed by a floating eye for 2 turns
   732 | D        | Killed a shining eye
   734 | D        | Noticed a shining eye
   734 | D        | Noticed a shining eye
   735 | D        | Killed a shining eye
   736 | D        | Reached XP level 11. HP: 127/127 MP: 10/10
   737 | D        | Noticed a shining eye
   737 | D        | Noticed a shining eye
   739 | D        | Gained mutation: Your flesh is heat resistant. (rF+) [a
                  | shining eye]
   740 | D        | Gained mutation: You are very weak. (Str -4) [a shining
                  | eye]
   740 | D        | Killed a shining eye
   740 | D        | Received a gift from Trog
   741 | D        | Killed a shining eye
   742 | D        | Reached skill level 16 in Unarmed Combat
   743 | D        | Killed a shining eye
   754 | D        | Found Leudouba's Book Shop.
   754 | D        | Found Osiguhif's Armour Shoppe.
   754 | D        | Found Resexzaq's Weapon Boutique.
   754 | D        | Found Ucvacif's Assorted Antiques.
   839 | D        | Bought a potion of mutation for 112 gold pieces
   839 | D        | Lost mutation: You are very weak. (Str -4) [potion of
                  | mutation]
   839 | D        | Lost mutation: Your flesh is heat resistant. (rF+) [potion
                  | of mutation]
   839 | D        | Gained mutation: You are partially covered in iridescent
                  | scales. (AC +2) [potion of mutation]
   839 | D        | Gained mutation: You have sharp toenails. [potion of
                  | mutation]
   839 | D        | Lost mutation: You are clumsy. (Dex -2) [potion of
                  | mutation]
   882 | D        | Noticed a demonic crawler
   882 | D        | Noticed a demonic crawler
   882 | D        | Noticed a demonic crawler
   882 | D        | Noticed a demonic crawler
   885 | D        | Killed a demonic crawler
   888 | D        | Killed a demonic crawler
   891 | D        | Killed a demonic crawler
   894 | D        | Killed a demonic crawler
   948 | D        | Noticed a lindwurm
   955 | D        | Killed a lindwurm
   972 | D        | Reached skill level 17 in Unarmed Combat
  1018 | D        | Killed a lorocyproca
  1246 | D        | Received a gift from Trog
  1252 | D        | Reached skill level 15 in Fighting
  1268 | D        | Reached skill level 15 in Dodging
  1273 | D        | Received a gift from Trog
  1282 | D        | Noticed a 12-headed hydra
  1284 | D        | Paralysed by a floating eye for 3 turns
  1286 | D        | HP: 5/198 [13-headed hydra (8)]
  1286 | D        | Mangled by a 13-headed hydra

Illustrated notes

Levels and vault maps discovered:
D:        dungeon_sprint_1 [red_sonja_temple_1, red_sonja_temple_small_1]

Skill      XL: |  1  2  3  4  5  6  7  8  9 10 11 |
---------------+----------------------------------+-----
Fighting       | 3 5 6 8 9 10 11 13 15 | 15.2
Dodging        | 3 5 6 7 9 10 11 13 15 | 15.0
Unarmed Combat | 4 6 7 8 9 10 12 13 15 17 | 17.7

Action                     |  1- 3 |  4- 6 |  7- 9 | 10-12 || total
---------------------------+-------+-------+-------+-------++-------
  Melee: Unarmed           |    17 |    14 |    53 |    94 ||   178
         Punch             |     1 |     1 |     5 |     9 ||    16
         Kick              |       |       |       |    20 ||    20
 Invoke: Berserk           |       |       |     1 |     2 ||     3
         Brothers in Arms  |       |       |       |     4 ||     4
    Use: Scroll            |       |     1 |       |     1 ||     2
         Potion            |       |       |       |     2 ||     2
 Armour: Animal skin       |     7 |     6 |    47 |       ||    60
         Troll leather arm |       |       |    10 |   144 ||   154
  Dodge: Dodged            |     9 |     3 |    22 |    52 ||    86

Table legend: (Time is in decaauts)
 A = Elapsed time spent in this place.
 B = Non-inter-level travel time spent in this place.
 C = Inter-level travel time spent in this place.
 D = Time resting spent in this place.
 E = Time spent auto-exploring this place.
 F = Levels seen in this place.
 G = Mean time per level.
                   A        B        C        D        E       F      G
               +--------+--------+--------+--------+--------+-----+--------+
         Total |   1278 |   1186 |     92 |    200 |    260 |   1 | 1278.0 |
       Dungeon |   1278 |   1186 |     92 |    200 |    260 |   1 | 1278.0 |
               +--------+--------+--------+--------+--------+-----+--------+

Top non-repeatable levels by time:
       D: 1278 daAuts
